 Dungeon Crawl Stone Soup version 0.31-a0-166-g46f44d267d (webtiles) character file.

Game seed: 15850173773538042323

66 Essalna the Digger (level 4, -4/27 HPs)
             Began as a Gargoyle Earth Elementalist on June 14, 2023.
             Slain by an iguana (6 damage)
             ... on level 4 of the Dungeon.
             The game lasted 00:04:01 (2109 turns).

Essalna the Digger (Gargoyle Earth Elementalist)    Turns: 2109, Time: 00:04:01

Health: -4/27      AC:  5    Str: 11    XL:     4   Next: 15%
Magic:  3/7        EV: 11    Int: 18    God:
Gold:   64         SH:  5    Dex: 10    Spells: 6/7 levels left

rFire   . . .        (no weapon)
rCold   . . .        (no shield)
rNeg    + . .        a - +0 robe
rPois   ∞            (no helmet)
rElec   +            (no cloak)
rCorr   .            (no gloves)
SInv    .            (no boots)
Will    .....        n - amulet of reflection
Stlth   ++           (no ring)
HPRegen 0.24/turn    (no ring)
MPRegen 0.10/turn

%: reflection
@: no status effects
A: sickness immunity, AC +3, negative energy resistance 1, electricity
resistance, torment resistance 1, petrification resistance
a: no special abilities


You were on level 4 of the Dungeon.
You visited 1 branch of the dungeon, and saw 4 of its levels.

You collected 64 gold pieces.

Inventory:

Armour
 a - a +0 robe (worn)
Jewellery
 n - an amulet of reflection (around neck)
Scrolls
 b - a scroll of revelation
 h - a scroll of vulnerability {unknown}
 j - 3 scrolls of blinking {unknown}
 l - 2 scrolls of teleportation {unknown}
 m - a scroll of fog {unknown}
Potions
 c - 2 potions of curing {unknown}
 d - a potion of invisibility {unknown}
 g - 3 potions of heal wounds {unknown}
 i - a potion of enlightenment {unknown}
 k - a potion of degeneration {unknown}


   Skills:
 + Level 2.7 Fighting
 - Level 1.5 Dodging
 - Level 2.1 Stealth
 - Level 2.0 Spellcasting
 - Level 0.7 Transmutations
 + Level 4.9 Earth Magic


You had 6 spell levels left.
You knew the following spells:

 Your Spells              Type           Power      Damage    Failure   Level
a - Sandblast             Erth           38%        2d10      2%          1

Your spell library contained the following spells:

 Spells                   Type           Power      Damage    Failure   Level
 Passwall                 Tmut/Erth      9%         N/A       9%          2
 Stone Arrow              Conj/Erth      20%        3d8       21%         3
 Petrify                  Tmut/Erth      11%        N/A       50%         4


Dungeon Overview and Level Annotations

Branches:
Dungeon (3/15)             Temple (0/1) D:4

Altars:
Hepliaklqana


Innate Abilities, Weirdness & Mutations

You are immune to sickness and miasma.
Your stone body is resilient. (AC +3)
You are immune to poison.
You resist negative energy. (rN+)
You are resistant to electric shocks. (rElec)
You are resistant to unholy torment.
You are immune to petrification.


Message History

An iguana comes into view.
Found 3 stones.
The iguana hisses angrily.
The iguana bites you.
The blast of sand hits the iguana!
The iguana is heavily wounded.
The iguana bites you.
You are too injured to fight recklessly!
You are too injured to fight recklessly!
You are too injured to fight recklessly!
You are too injured to fight recklessly!
Casting: Sandblast (safe; 2% risk of failure)
Confirm with . or Enter, or press ? or * to list all spells.
Aiming: Sandblast (safe; 2% risk of failure)
Press: ? - help, Shift-Dir - straight line, f/p - iguana
Aim: an iguana (heavily wounded, 84% to hit)
The blast of sand hits the iguana!
The iguana is almost dead.
The iguana bites you.
The iguana bites you but does no damage.
Casting: Sandblast (safe; 2% risk of failure)
Confirm with . or Enter, or press ? or * to list all spells.
Aiming: Sandblast (safe; 2% risk of failure)
Press: ? - help, Shift-Dir - straight line, f/p - iguana
Aim: an iguana (almost dead, 84% to hit)
The blast of sand hits the iguana but does no damage.
The iguana is almost dead.
The iguana bites you!
* * * LOW HITPOINT WARNING * * *
Casting: Sandblast (safe; 2% risk of failure)
Confirm with . or Enter, or press ? or * to list all spells.
Aiming: Sandblast (safe; 2% risk of failure)
Press: ? - help, Shift-Dir - straight line, f/p - iguana
Aim: an iguana (almost dead, 84% to hit)
The blast of sand hits the iguana but does no damage.
The iguana is almost dead.
The iguana bites you.
* * * LOW HITPOINT WARNING * * *
The iguana bites you.
You die...

. ## #( .#### .##
.... ... ..#
#.###.# #...@l#
###+###.###
#.....#.#
#.###.#.# +>#.'.#
#.###.#.#########
#.....#.........#
###+###########.#


You could see an iguana.

Vanquished Creatures
  2 adders (D:2)
  A worm (D:2)
  4 orcs (D:3)
  2 bats
  6 endoplasms (D:2)
  A giant cockroach (D:2)
  3 goblins (D:1)
  4 hobgoblins
  3 jackals (D:1)
  3 kobolds
  4 ball pythons
  2 frilled lizards (D:2)
  3 rats (D:2)
38 creatures vanquished.

Notes
Turn   | Place    | Note
-------+----------+-------------------------------------------
     0 | D:1      | Essalna the Gargoyle Earth Elementalist began the quest for
                  | the Orb.
     0 | D:1      | Reached XP level 1. HP: 10/10 MP: 3/3
   203 | D:1      | Reached skill level 1 in Fighting
   347 | D:1      | Reached skill level 4 in Earth Magic
   347 | D:1      | Reached XP level 2. HP: 16/16 MP: 3/5
   937 | D:2      | Found a hazy altar of Hepliaklqana.
   958 | D:2      | Reached XP level 3. HP: 21/21 MP: 0/6
  1866 | D:3      | Reached XP level 4. HP: 27/27 MP: 5/7
  2094 | D:3      | You fall into a shaft and drop 1 floor!
  2099 | D:4      | Found a staircase to the Ecumenical Temple.
  2109 | D:4      | Slain by an iguana

Illustrated notes

Levels and vault maps discovered:
D:1:      sevenhm_arrival_forest_fort_large_2, layout_loops_ring,
          minmay_misc_feat_ornament
D:2:      layout_basic, basic_altar, minmay_statues_item
D:3:      layout_rooms, nicolae_elevator_lobby_asterisk
D:4:      layout_loops_ring, general_overflow_altar,
          minmay_temple_entry_glassed_door, st_stairs_10,
          nicolae_shop_sticking_my_neck_out

Skill      XL: |  1  2  3 |
---------------+----------+-----
Fighting       | 1 2 |  2.7
Earth Magic    | 4 |  4.9
Dodging        | |  1.5
Stealth        | |  2.1
Spellcasting   | |  2.0
Transmutations | |  0.7

Action                     |  1- 3 |  4- 6 || total
---------------------------+-------+-------++-------
  Melee: Unarmed           |    14 |    11 ||    25
   Cast: Sandblast         |    42 |    18 ||    60
    Use: Scroll            |       |     2 ||     2
         Potion            |       |     1 ||     1
 Armour: Robe              |    11 |     3 ||    14
  Dodge: Dodged            |    13 |    12 ||    25
  Block: Other             |       |     3 ||     3

Table legend: (Time is in decaauts)
 A = Elapsed time spent in this place.
 B = Non-inter-level travel time spent in this place.
 C = Inter-level travel time spent in this place.
 D = Time resting spent in this place.
 E = Time spent auto-exploring this place.
 F = Levels seen in this place.
 G = Mean time per level.
                   A        B        C        D        E       F      G
               +--------+--------+--------+--------+--------+-----+--------+
         Total |   2137 |   2071 |     66 |      0 |   1810 |   4 |  534.2 |
       Dungeon |   2137 |   2071 |     66 |      0 |   1810 |   4 |  534.2 |
               +--------+--------+--------+--------+--------+-----+--------+

Top non-repeatable levels by time:
     D:2: 1076 daAuts
     D:1: 807 daAuts
     D:3: 238 daAuts
     D:4: 16 daAuts
